 Dungeon Crawl Stone Soup version 0.20-a0-350-ga83eecc (webtiles) character file.

280 aspy the Magician (level 6, -4/36 HPs)
             Began as an Octopode Wizard on Dec 24, 2016.
             Killed by divine providence
             ... invoked by an orc priest
              (16 damage)
             ... on level 4 of the Dungeon.
             The game lasted 00:39:02 (5119 turns).

aspy the Magician (Octopode Wizard)                 Turns: 5119, Time: 00:39:03

Health: -4/36      AC:  1    Str:  6    XL:     6   Next: 27%
Magic:  3/12       EV: 14    Int: 21    God:
Gold:   40         SH:  0    Dex: 12    Spells: 2/13 levels left

rFire  . . .     SeeInvis .     a - +1 falchion (holy)
rCold  . . .     Gourm    .     (no shield)
rNeg   . . .     Faith    .     e - +0 hat
rPois  .         Spirit   .     (no amulet)
rElec  .         Reflect  .     (no ring)
rCorr  .         Harm     .     (no ring)
MR     .....                    (no ring)
Stlth  +++.......               (no ring)
                                (no ring)
                                (no ring)
                                (no ring)
                                (no ring)

@: no status effects
A: almost no armour, stealthy swim, amphibious, 8 rings, constrict 8, camouflage
1, gelatinous body 1
a: no special abilities


You were on level 4 of the Dungeon.
You were not hungry.

You visited 1 branch of the dungeon, and saw 4 of its levels.

You collected 190 gold pieces.
You spent 150 gold pieces at shops.

Inventory:

Hand Weapons
 a - a +1 falchion of holy wrath (weapon)
 b - a +0 blowgun
Missiles
 g - 2 tomahawks (quivered)
 i - 46 poisoned needles
 n - 79 sling bullets
Armour
 e - a +0 hat (worn)
Jewellery
 u - a +1 ring of slaying {unknown}
Wands
 w - a wand of enslavement (7/24)
Scrolls
 f - a scroll of enchant weapon
 j - a scroll of teleportation
 l - a scroll of blinking {unknown}
 o - 2 scrolls of noise
Potions
 p - 2 potions of resistance
 q - 3 potions of flight
 r - a potion of heal wounds {unknown}
 s - a potion of might
Books
 t - a book of Minor Magic

   Spells                             Type                      Level
   a - Magic Dart                     Conjuration                  1
   b - Blink                          Translocation                2
   c - Call Imp                       Summoning                    2
   d - Repel Missiles                 Charms/Air                   2
   e - Slow                           Hexes                        2
   f - Conjure Flame                  Conjuration/Fire             3
   g - Mephitic Cloud                 Conjuration/Poison/Air       3
Comestibles
 d - a beef jerky
 h - 3 meat rations
 k - a bread ration
 m - 2 slices of pizza
 v - 5 chunks of flesh


   Skills:
 - Level 2.8 Dodging
 - Level 2.6 Stealth
 - Level 4.0 Spellcasting
 + Level 3.1 Conjurations
 - Level 3.1 Summonings
 - Level 1.0 Translocations
 + Level 1.0 Air Magic
 + Level 1.6 Poison Magic


You had 2 spell levels left.
You knew the following spells:

 Your Spells              Type           Power        Failure   Level  Hunger
a - Call Imp              Summ           ###.....     6%          2    #......
b - Blink                 Tloc           N/A          12%         2    #......
c - Conjure Flame         Conj/Fire      ##......     21%         3    ###....
d - Mephitic Cloud        Conj/Pois/Air  ##......     21%         3    ###....
z - Magic Dart            Conj           ###.         3%          1    None


Dungeon Overview and Level Annotations

Branches:
Dungeon (4/15)
 Temple: D:4-7

Altars:
Dithmenos

Shops:
D:4 *

Annotations:
D:1 exclusion: 3 jackals


Innate Abilities, Weirdness & Mutations

You cannot wear most types of armour.
You are very stealthy in the water. (Stealth+)
You are amphibious.
You can wear up to eight rings at the same time.
You can use your tentacles to constrict eight enemies at once.
Your skin changes colour to match your surroundings (Stealth+).
Your rubbery body absorbs attacks. (AC +1, EV +1)


Message History

Orders for allies: a - Attack new target. r - Retreat! s - Stop attacking. g - Guard the area. f - Follow me.
Anything else - Cancel.
Gang up on whom?
Press: ? - help, Dir - move target cursor, f - orc priest
Aim: an orc priest, wielding a flail (moderately wounded) Attack!
The orc priest calls down the wrath of Beogh upon you.
Beogh smites you!
* * * LOW HITPOINT WARNING * * *
Your shadow imp hits the orc priest.
You swap places.
There is an entrance to Jiclall's Assorted Antiques here.
You feel better. The orc priest misses your crimson imp.
You swap places.
Your crimson imp hits the orc priest.
The orc priest calls down the wrath of Beogh upon you.
Beogh smites you!
You die...

#.#.......[..#
#...#####.....# #§§.
#....## §§ #.....#
#.....### ###....÷).#
.§§§......#o#
.§§§.....5#5#######
..§§§....8.@5..8...#..
.#####...####.........
#.### #...(...... #.
#?...(..... #.
#.........o
#.....)....
#......†...
#..........
##.........


You could see an orc priest, a friendly crimson imp, a friendly white imp and a
friendly shadow imp.

Vanquished Creatures
  A quasit (D:3)
  An orc priest (D:3)
  An orc wizard (D:4)
  Ijyb (D:2)
  7 adders
  An ooze (D:3)
  3 worms
  3 orcs
  5 bats
  2 giant cockroaches (D:1)
  5 goblins
  5 hobgoblins
  2 quokkas
  4 frilled lizards
  A jackal skeleton (D:4)
  5 kobolds
  6 rats
53 creatures vanquished.

Vanquished Creatures (collateral kills)
  2 orc wizards
  An iguana (D:4)
  A worker ant (D:4)
  A shadow imp (D:3)
  2 worms (D:2)
  A dart slug (D:2)
  A leopard gecko (D:2)
  4 orcs (D:3)
  A giant cockroach (D:4)
  7 jackals (D:3)
  A kobold (D:3)
  A quokka (D:4)
23 creatures vanquished.

Vanquished Creatures (others)
  A worker ant (D:4)
1 creature vanquished.

Grand Total: 77 creatures vanquished

Notes
Turn   | Place    | Note
-------+----------+-------------------------------------------
     0 | D:1      | aspy the Octopode Wizard began the quest for the Orb.
     0 | D:1      | Reached XP level 1. HP: 11/11 MP: 4/4
   588 | D:1      | Reached XP level 2. HP: 16/17 MP: 3/6
   592 | D:1      | Learned a level 2 spell: Call Imp
   595 | D:1      | Learned a level 2 spell: Blink
   911 | D:2      | Found a shadowy altar of Dithmenos.
  1103 | D:2      | Noticed Ijyb
  1119 | D:2      | Killed Ijyb
  1119 | D:2      | Reached XP level 3. HP: 12/21 MP: 3/7
  1684 | D:2      | Learned a level 3 spell: Conjure Flame
  1982 | D:2      | Reached XP level 4. HP: 27/27 MP: 5/9
  3305 | D:3      | Reached XP level 5. HP: 28/31 MP: 10/10
  4127 | D:2      | Learned a level 3 spell: Mephitic Cloud
  4841 | D:4      | Reached skill level 1 in Poison Magic
  4841 | D:4      | Reached XP level 6. HP: 25/36 MP: 1/11
  4868 | D:4      | Found Jiclall's Assorted Antiques.
  5036 | D:4      | Bought a blackened lead wand for 100 gold pieces
  5036 | D:4      | Bought a scroll of identify for 50 gold pieces
  5099 | D:4      | Reached skill level 4 in Spellcasting
  5103 | D:4      | Reached skill level 1 in Air Magic
  5119 | D:4      | Killed from afar by an orc priest

Vault maps used:
D:1:      dpeg_arrival_ternary, minmay_misc_feat_doors, kennysheep_small_spiral,
          minmay_misc_feat_tower
D:2:      grunt_dithmenos_smoke, uniq_iyjb
D:3:      first_bread
D:4:      nicolae_overflow_hidden_temple, serial_shops, shop,
          nicolae_shop_crystal, shop_statue, nicolae_shop_stone,
          kennysheep_little_box, lemuel_flame_loot_1, uniq_edmund

Skill      XL: |  1  2  3  4  5  6 |
---------------+-------------------+-----
Summonings     | 2 3 |  3.1
Conjurations   | 2 3 |  3.1
Poison Magic   | 1 |  1.6
Spellcasting   | 4 |  4.0
Air Magic      | 1 |  1.0
Dodging        | |  2.8
Stealth        | |  2.6
Translocations | |  1.0

Action                   |  1- 3 |  4- 6 || total
-------------------------+-------+-------++-------
Melee: Club              |    36 |    37 ||    73
       Constrict         |     8 |    17 ||    25
       Tentacles         |     1 |    12 ||    13
       Falchion          |       |    31 ||    31
 Fire: Blowgun           |       |     2 ||     2
Throw: Tomahawk          |    10 |    18 ||    28
 Cast: Magic Dart        |    44 |    55 ||    99
       Call Imp          |     5 |    45 ||    50
  Use: Scroll            |     2 |     8 ||    10
       Potion            |       |     2 ||     2
 Stab: Distracted        |     2 |       ||     2
       Sleeping          |       |     1 ||     1
  Eat: Chunk             |     1 |     4 ||     5
       Bread ration      |     1 |       ||     1
       Meat ration       |       |     1 ||     1
Armor: Skin              |     5 |     8 ||    13
Dodge: Dodged            |    16 |    61 ||    77
       Rpst.: Falchion   |       |     2 ||     2
